 Dungeon Crawl Stone Soup version 0.29-a0-284-gf9362112df (webtiles) character file.

Game seed: 6298422727663276468

1162 bande the Chopper (level 8, -6/49 HPs)
             Began as a Gargoyle Fighter on Mar 31, 2022.
             Mangled by a wight
             ... wielding a +5 dire flail
              (7 damage)
             ... on level 6 of the Dungeon.
             The game lasted 00:06:25 (6410 turns).

bande the Chopper (Gargoyle Fighter)                Turns: 6410, Time: 00:06:25

Health: -6/49      AC: 21    Str: 18 (20) XL:     8   Next: 39%
Magic:  8/8        EV:  9    Int:  9 (11) God:
Gold:   250        SH:  5    Dex:  8 (11) Spells: 7/7 levels left

rFire   . . .      SeeInvis .   a - +1 war axe
rCold   . . .      Faith    .   c - +1 buckler
rNeg    + . .      Spirit   .   j - +0 plate armour
rPois   ∞          Reflect  .   r - +0 helmet
rElec   +          Harm     .   (no cloak)
rCorr   .          Rampage  .   (no gloves)
Will    .....                   (no boots)
Stlth   ..........              (no amulet)
HPRegen 0.16/turn               s - +4 ring of evasion
MPRegen 0.11/turn               (no ring)

@: no status effects
A: sickness immunity, AC +5, negative energy resistance 1, electricity
resistance, torment resistance 1, petrification resistance, iridescent scales 1,
clever 1
a: no special abilities


You were on level 6 of the Dungeon.
You visited 1 branch of the dungeon, and saw 6 of its levels.

You collected 250 gold pieces.

Inventory:

Hand Weapons
 a - a +1 war axe (weapon)
 k - a +0 war axe
 n - the +1 mace of Uhadic {protect, Int+6}
   (You found it on level 4 of the Dungeon)

   It grants its wielder temporary protection when it strikes (+7 to AC).
   Int:       It affects your intelligence (+6).
Missiles
 e - a throwing net (quivered)
Armour
 c - a +1 buckler (worn)
 j - a +0 plate armour (worn)
 r - a +0 helmet (worn)
Jewellery
 s - a +4 ring of evasion (left hand)
Wands
 f - a wand of polymorph (8)
 o - a wand of iceblast (10)
 p - a wand of flame (15)
Scrolls
 g - 2 scrolls of silence
 m - a scroll of vulnerability {unknown}
 q - a scroll of identify
Potions
 b - 2 potions of degeneration
 d - a potion of might
 h - 3 potions of curing {unknown}
 i - a potion of ambrosia {unknown}
 l - a potion of brilliance {unknown}


   Skills:
 + Level 5.2 Fighting
 + Level 6.0 Axes
 + Level 5.9 Armour
 + Level 4.7 Shields
 + Level 0.8 Unarmed Combat
 * Level 2.2 Evocations


You had 7 spell levels left.
You didn't know any spells.
Your spell library contained the following spells:

 Spells                   Type           Power      Damage    Failure   Level
 Shock                    Conj/Air       0%         1d3       100%        1
 Wereblood                Tmut           0%         N/A       100%        2
 Ozocubu's Armour         Ice            0%         N/A       100%        3
 Swiftness                Air            0%         N/A       100%        3
 Airstrike                Air            0%         N/A       100%        4
 Metabolic Englaciation   Hex/Ice        0%         N/A       100%        5
 Simulacrum               Ice/Necr       0%         N/A       100%        6
 Summon Hydra             Summ           0%         N/A       100%        7
 Sublimation of Blood     Necr           Unusable   N/A       N/A         2

Dungeon Overview and Level Annotations

Branches:
Dungeon (6/15)
 Temple: D:4-7

Altars:
Hepliaklqana
Makhleb
Xom


Innate Abilities, Weirdness & Mutations

You are immune to sickness and miasma.
Your stone body is resilient. (AC +5)
You are immune to poison.
You resist negative energy. (rN+)
You are resistant to electric shocks. (rElec)
You are resistant to unholy torment.
You are immune to petrification.
You are partially covered in iridescent scales. (AC +2)
Your mind is acute. (Int +2)


Message History

The orc priest hits you with a +2 dagger of speed.
You hear some strange, mumbled words.
A magic dart appears from out of thin air!
The magic dart hits you but does no damage.
The wight hits you but does no damage. The orc hits you but does no damage.
The orc priest hits you but does no damage.
Something hits you but does no damage. The orc hits you but does no damage.
The wight hits you but does no damage.
You barely miss the wight. You hit the wight. You closely miss the orc.
You hit the orc priest but do no damage.
You hit something. The orc priest closely misses you.
The orc priest hits you but does no damage.
Something hits you. The wight barely misses you. You block the orc's attack.
The wight hits you with a +5 dire flail.
You barely miss the wight. You hit the wight. You slash the orc!
You kill the orc!
You hit the orc priest but do no damage.
You miss something.
The orc priest calls down the wrath of Beogh upon you.
Beogh smites you! Something hits you but does no damage.
The wight hits you with a +5 dire flail.
* * * LOW HITPOINT WARNING * * *
Unknown command.
You slash the orc priest!
You kill the orc priest!
You hit something but do no damage. You closely miss the wight.
You completely miss the wight. You hit the wight but do no damage.
You hear some strange, mumbled words.
A puff of flame appears from out of thin air!
The puff of flame hits you!
* * * LOW HITPOINT WARNING * * *
The wight hits you with a +5 dire flail.
* * * LOW HITPOINT WARNING * * *
The wight hits you but does no damage. The wight barely misses you.
It was a potion of degeneration.
There was something very wrong with that liquid.
You feel weakened.
You feel dopey.
You feel clumsy. The wight closely misses you.
Something hits you but does no damage.
The wight hits you with a +5 dire flail!
You die...

# ......... . ......... .
........######.. ......
................ .......
..............# .......
..............# ..
...............zzz.....#...
...............{@z.....#...
...............)...........
.........).................
.##+#.....................#
..........................#
...†......................#
..........................#
###+#......................
# #........................


You could see 4 wights.

Vanquished Creatures
  Menkaure (D:5)
  A black bear (D:5)
  An ice beast (D:5)
  An ogre (D:4)
  A phantom (D:5)
  A kobold brigand (D:4)
  5 scorpions
  A howler monkey (D:4)
  A hound (D:6)
  2 orc priests
  Ijyb (D:4)
  Terence (D:3)
  An iguana (D:4)
  4 adders
  An ufetubus (D:5)
  A worm (D:5)
  A dart slug (D:2)
  8 orcs
  7 ball pythons
  7 endoplasms
  4 giant cockroaches
  4 goblins
  5 hobgoblins
  10 jackals
  7 kobolds
  A quokka (D:1)
  7 bats
  4 frilled lizards
  8 rats
97 creatures vanquished.

Notes
Turn   | Place    | Note
-------+----------+-------------------------------------------
     0 | D:1      | bande the Gargoyle Fighter began the quest for the Orb.
     0 | D:1      | Reached XP level 1. HP: 14/14 MP: 1/1
   144 | D:1      | Reached XP level 2. HP: 17/19 MP: 2/2
   310 | D:1      | Reached skill level 2 in Axes
   753 | D:1      | Reached XP level 3. HP: 24/24 MP: 3/3
  1271 | D:2      | Reached XP level 4. HP: 29/29 MP: 4/4
  1948 | D:3      | Noticed Terence
  1959 | D:3      | Killed Terence
  1960 | D:3      | Reached skill level 3 in Axes
  2259 | D:3      | Gained mutation: Your mind is acute. (Int +2) [potion of
                  | mutation]
  2259 | D:3      | Gained mutation: You are partially covered in iridescent
                  | scales. (AC +2) [potion of mutation]
  2888 | D:3      | Found a shimmering altar of Xom.
  2891 | D:3      | Found a hazy altar of Hepliaklqana.
  2894 | D:3      | Found a burning altar of Makhleb.
  3044 | D:4      | Reached XP level 5. HP: 32/33 MP: 5/5
  3092 | D:4      | Noticed a kobold brigand
  3107 | D:4      | Killed a kobold brigand
  3108 | D:4      | Reached XP level 6. HP: 13/38 MP: 6/6
  3109 | D:4      | Reached skill level 4 in Axes
  3993 | D:4      | Identified the +1 mace of Uhadic {protect, Int+6}
  4076 | D:4      | Reached skill level 5 in Armour
  4076 | D:4      | Reached XP level 7. HP: 10/44 MP: 7/7
  4491 | D:4      | Noticed Ijyb
  4499 | D:4      | Killed Ijyb
  5031 | D:5      | Entered Level 5 of the Dungeon
  5135 | D:5      | Noticed Menkaure
  5143 | D:5      | Killed Menkaure
  5144 | D:5      | Reached skill level 5 in Axes
  5144 | D:5      | Reached skill level 1 in Evocations
  5832 | D:5      | Reached skill level 5 in Fighting
  5840 | D:5      | Reached XP level 8. HP: 48/49 MP: 8/8
  6381 | D:6      | Reached skill level 6 in Axes
  6409 | D:6      | HP: 1/49 [wight/+5 dire flail (5)]
  6410 | D:6      | Mangled by a wight

Illustrated notes

Levels and vault maps discovered:
D:1:      onia_arrival_handbag, layout_loops_ring
D:2:      layout_basic
D:3:      layout_basic, grunt_temple_overflow_diamond, uniq_terence
D:4:      layout_cave_pods, uniq_ijyb
D:5:      layout_basic, uniq_menkaure
D:6:      layout_basic, kennysheep_little_box

Skill      XL: |  1  2  3  4  5  6  7  8 |
---------------+-------------------------+-----
Axes           | 2 3 4 5 6 |  6.0
Fighting       | 4 5 |  5.2
Armour         | 4 5 |  5.9
Shields        | 4 |  4.7
Evocations     | 1 2 |  2.2
Unarmed Combat | |  0.8

Action                   |  1- 3 |  4- 6 |  7- 9 || total
-------------------------+-------+-------+-------++-------
Melee: War axe           |   123 |   112 |    97 ||   332
       Unarmed           |       |       |     7 ||     7
  Use: Scroll            |       |     6 |     2 ||     8
       Potion            |       |     1 |     1 ||     2
Armor: Scale mail        |    32 |       |       ||    32
       Chain mail        |    69 |    48 |       ||   117
       Plate armour      |       |    14 |   101 ||   115
Dodge: Dodged            |    68 |    40 |    23 ||   131
Block: Buckler           |    31 |    25 |    36 ||    92

Table legend: (Time is in decaauts)
 A = Elapsed time spent in this place.
 B = Non-inter-level travel time spent in this place.
 C = Inter-level travel time spent in this place.
 D = Time resting spent in this place.
 E = Time spent auto-exploring this place.
 F = Levels seen in this place.
 G = Mean time per level.
                   A        B        C        D        E       F      G
               +--------+--------+--------+--------+--------+-----+--------+
         Total |   6528 |   6387 |    141 |   1638 |   3802 |   6 | 1088.0 |
       Dungeon |   6528 |   6387 |    141 |   1638 |   3802 |   6 | 1088.0 |
               +--------+--------+--------+--------+--------+-----+--------+

Top non-repeatable levels by time:
     D:4: 2016 daAuts
     D:5: 1305 daAuts
     D:3: 1123 daAuts
     D:1: 1001 daAuts
     D:2: 984 daAuts
     D:6: 97 daAuts
